 Dungeon Crawl Stone Soup version 0.29-a0-369-gd956c00756 (webtiles) character file.

Game seed: 16864981406881240114

45 terff the Digger (level 3, -2/19 HPs)
             Began as a Gargoyle Earth Elementalist on May 1, 2022.
             Slain by an orc
             ... wielding a +0 morningstar
              (7 damage)
             ... on level 3 of the Dungeon.
             The game lasted 00:04:37 (2409 turns).

terff the Digger (Gargoyle Earth Elementalist)      Turns: 2409, Time: 00:04:38

Health: -2/19      AC:  6    Str: 11    XL:     3   Next: 64%
Magic:  6/6        EV: 12    Int: 17    God:
Gold:   82         SH:  0    Dex: 10    Spells: 5/6 levels left

rFire   . . .      SeeInvis .   g - +0 mace
rCold   . . .      Faith    .   (no shield)
rNeg    + . .      Spirit   .   b - +1 robe
rPois   ∞          Reflect  .   (no helmet)
rElec   +          Harm     .   (no cloak)
rCorr   .          Rampage  .   (no gloves)
Will    .....                   (no boots)
Stlth   ++........              (no amulet)
HPRegen 0.06/turn               (no ring)
MPRegen 0.10/turn               (no ring)

@: no status effects
A: sickness immunity, AC +3, negative energy resistance 1, electricity
resistance, torment resistance 1, petrification resistance
a: no special abilities


You were on level 3 of the Dungeon.
You visited 1 branch of the dungeon, and saw 3 of its levels.

You collected 82 gold pieces.

Inventory:

Hand Weapons
 d - a +0 club
 g - a +0 mace (weapon)
 j - a +1 great sword of electrocution
Missiles
 a - 80 stones
Armour
 b - a +1 robe (worn)
Jewellery
 i - an amulet of faith
Scrolls
 h - a scroll of enchant armour
Potions
 c - a potion of magic
 e - 2 potions of curing
 f - a potion of flight {unknown}


   Skills:
 + Level 1.0 Maces & Flails
 + Level 1.8 Dodging
 + Level 2.7 Stealth
 + Level 2.4 Spellcasting
 + Level 0.7 Transmutations
 + Level 4.2 Earth Magic


You had 5 spell levels left.
You knew the following spells:

 Your Spells              Type           Power      Damage    Failure   Level
a - Sandblast             Erth           32%        2d9       3%          1

Your spell library contained the following spells:

 Spells                   Type           Power      Damage    Failure   Level
 Passwall                 Tmut/Erth      8%         N/A       10%         2
 Stone Arrow              Conj/Erth      18%        3d8       22%         3
 Petrify                  Tmut/Erth      10%        N/A       54%         4
 Irradiate                Conj/Tmut      1%         3d13      99%         5
 Sublimation of Blood     Necr           Unusable   N/A       N/A         2

Dungeon Overview and Level Annotations

Branches:
Dungeon (3/15)

Altars:
Hepliaklqana


Innate Abilities, Weirdness & Mutations

You are immune to sickness and miasma.
Your stone body is resilient. (AC +3)
You are immune to poison.
You resist negative energy. (rN+)
You are resistant to electric shocks. (rElec)
You are resistant to unholy torment.
You are immune to petrification.


Message History

You hit the dart slug but do no damage. The dart slug bites you.
You hit the dart slug.
The dart slug is moderately wounded.
The dart slug launches a dart at you. The slug dart hits you.
You hit the dart slug.
The dart slug is severely wounded.
The dart slug barely misses you.
You barely miss the dart slug.
The dart slug is severely wounded.
The dart slug closely misses you.
You hit the dart slug.
You kill the dart slug!
Your Maces & Flails skill increases to level 1!
You see here a dart slug corpse. 2 orcs come into view.
The orc shouts! x2
An orc comes into view. It is wielding a +0 flail.
The orc moves out of view.
The orc shouts!
You see here a scroll labelled NOJAVE HASEA.
k - a scroll labelled NOJAVE HASEA
Okay, then.
As you read the scroll labelled NOJAVE HASEA, it crumbles to dust.
The creatures around you are filled with an inner flame!
It was a scroll of immolation.
An orc comes into view. It is wielding a +0 short sword.
The orc closely misses you.
You completely miss the orc. The orc closely misses you.
You barely miss the orc. The orc hits you but does no damage.
You barely miss the orc. The orc closely misses you.
You barely miss the orc. You barely miss the orc. The orc misses you.
You barely miss the orc. The orc hits you with a +0 short sword.
The orc hits you with a +0 morningstar. The orc hits you with a +0 flail.
The orc misses you. x3
You closely miss the orc. The orc hits you with a +0 short sword.
* * * LOW HITPOINT WARNING * * *
The orc hits you with a +0 morningstar!
You die...

#.##.# ...
#.##.#### ####.####
#.......###........
####.......†...#
####........#
#####...######
#.........
#...###... #.@o#
#.oo# #...# #....
#..o.. ##.###. #.#
.. #.# ..


You could see 4 orcs.

Vanquished Creatures
  2 worms (D:2)
  2 dart slugs
  5 ball pythons
  A bat (D:1)
  3 endoplasms
  2 giant cockroaches
  4 goblins
  A hobgoblin (D:1)
  3 jackals (D:1)
  3 quokkas
  3 frilled lizards (D:1)
  2 kobolds (D:2)
  2 rats
33 creatures vanquished.

Notes
Turn   | Place    | Note
-------+----------+-------------------------------------------
     0 | D:1      | terff the Gargoyle Earth Elementalist began the quest for
                  | the Orb.
     0 | D:1      | Reached XP level 1. HP: 10/10 MP: 3/3
   349 | D:1      | Reached XP level 2. HP: 9/15 MP: 5/5
   514 | D:1      | Reached skill level 4 in Earth Magic
  1149 | D:2      | Found a faded altar of an unknown god.
  1170 | D:2      | Identified a scroll of acquirement
  1170 | D:2      | Acquired a book of Alchemy
  1206 | D:2      | Reached XP level 3. HP: 11/19 MP: 6/6
  1424 | D:2      | Found a hazy altar of Hepliaklqana.
  2392 | D:3      | Reached skill level 1 in Maces & Flails
  2409 | D:3      | Slain by an orc

Illustrated notes

Levels and vault maps discovered:
D:1:      wheals_arrival_shading, layout_basic
D:2:      layout_basic, basic_ecumenical_altar, basic_altar
D:3:      layout_loops_ring, corexii_item_surrounded_by_moat

Skill      XL: |  1  2  3 |
---------------+----------+-----
Earth Magic    | 4 |  4.2
Maces & Flails | 1 |  1.0
Dodging        | |  1.8
Stealth        | |  2.7
Spellcasting   | |  2.4
Transmutations | |  0.7

Action                   || total
-------------------------++-------
Melee: Club              ||    16
       Unarmed           ||     7
       Mace              ||    82
 Cast: Sandblast         ||    13
  Use: Scroll            ||     6
 Stab: Sleeping          ||     3
Armor: Robe              ||    39
Dodge: Dodged            ||    72

Table legend: (Time is in decaauts)
 A = Elapsed time spent in this place.
 B = Non-inter-level travel time spent in this place.
 C = Inter-level travel time spent in this place.
 D = Time resting spent in this place.
 E = Time spent auto-exploring this place.
 F = Levels seen in this place.
 G = Mean time per level.
                   A        B        C        D        E       F      G
               +--------+--------+--------+--------+--------+-----+--------+
         Total |   2443 |   2436 |      7 |      5 |   1944 |   3 |  814.3 |
       Dungeon |   2443 |   2436 |      7 |      5 |   1944 |   3 |  814.3 |
               +--------+--------+--------+--------+--------+-----+--------+

Top non-repeatable levels by time:
     D:2: 1388 daAuts
     D:1: 877 daAuts
     D:3: 177 daAuts
